 Dungeon Crawl Stone Soup version 0.31-a0-851-g7ff8af7976 (webtiles) character file.

Game seed: 13522457574466644218

6868 croobank the Covert (level 11, -5/89 HPs)
             Began as a Gnoll Delver on Oct 6, 2023.
             Was an Initiate of Gozag.
             Slain by an ice devil (16 damage)
             ... on level 11 of the Dungeon.
             The game lasted 00:35:22 (9811 turns).

croobank the Covert (Gnoll Delver)                  Turns: 9811, Time: 00:35:22

Health: -5/89      AC: 14    Str: 12    XL:     11   Next: 6%
Magic:  20/20      EV: 14    Int: 13    God:    Gozag
Gold:   1313       SH:  7    Dex: 14    Spells: 20/22 levels left

rFire   . . .        a - +8 dagger of Imbalance {drain, rElec rPois Will+}
rCold   . . .        r - +2 buckler
rNeg    + . .        b - +1 leather armour
rPois   +            (no helmet)
rElec   +            H - scarf {repulsion}
rCorr   .            u - +1 pair of gloves
SInv    .            k - +2 pair of boots {Stlth+}
Will    .....        R - amulet of magic regeneration
Stlth   ++++++       t - ring of positive energy
HPRegen 0.34/turn    J - +4 ring of protection
MPRegen 0.57/turn

%: repel missiles
@: weak-willed, gold aura
A: fangs 1, strong nose, distributed training
a: Renounce Religion, Potion Petition, Call Merchant, Bribe Branch


You were on level 11 of the Dungeon.
You worshipped Gozag.
Gozag was most pleased with you.
You visited 2 branches of the dungeon, and saw 12 of its levels.
You also visited: Sewer.

You collected 1402 gold pieces.
You paid 89 gold pieces to Gozag.

Inventory:

Hand Weapons
 a - the +8 dagger of Imbalance (weapon) {drain, rElec rPois Will+}
   (You found it on level 2 of the Dungeon)

   rElec:     It insulates you from electricity.
   rPois:     It protects you from poison Will+: It increases your willpower.
 m - a +1 dagger of venom
 G - the +8 trident of the Octopus King {venom, rElec rPois}
   (You found it on level 6 of the Dungeon)

   rElec:     It insulates you from electricity.
   rPois:     It protects you from poison
 I - a +3 scimitar of protection
 N - a +0 orcbow
Missiles
 d - 12 poisoned darts
 n - a curare-tipped dart
 y - 17 boomerangs
Armour
 b - a +1 leather armour (worn)
 h - a +0 kite shield
 k - a +2 pair of boots of stealth (worn)
 r - a +2 buckler (worn)
 u - a +1 pair of gloves (worn)
 F - a +0 ring mail
 H - a scarf of repulsion (worn)
 K - a +1 robe of willpower
 V - a +2 chain mail of cold resistance
Jewellery
 t - a ring of positive energy (left hand)
 J - a +4 ring of protection (right hand)
 R - an amulet of magic regeneration (around neck)
Talismans
 q - a beast talisman
 P - a maw talisman
Wands
 g - a wand of digging (10)
 l - a wand of quicksilver (10) (quivered)
 C - a wand of iceblast (7)
 D - a wand of flame (24)
Scrolls
 c - 4 scrolls of fog
 e - 2 scrolls of fear
 o - 2 scrolls of blinking
 x - 3 scrolls of teleportation
 z - a scroll of revelation
 A - a scroll of poison
 B - a scroll of immolation
 L - a scroll of vulnerability
Potions
 f - 2 potions of attraction
 i - 3 potions of haste
 j - a potion of magic
 s - 2 potions of invisibility
 v - a potion of lignification
 w - 5 potions of curing
 E - a potion of cancellation
 O - a potion of brilliance
 Q - a potion of enlightenment
 S - a potion of mutation {unknown}
 T - 2 potions of resistance {unknown}
 U - 2 potions of ambrosia {unknown}


   Skills:
 + Level 9.0 Fighting
 + Level 7.6 Short Blades
 + Level 6.0 Long Blades
 + Level 6.0 Axes
 + Level 6.0 Maces & Flails
 + Level 6.0 Polearms
 + Level 6.0 Staves
 + Level 6.0 Ranged Weapons
 + Level 6.0 Throwing
 + Level 6.0 Armour
 + Level 7.6 Dodging
 + Level 11.3 Stealth
 + Level 6.0 Shields
 + Level 6.0 Unarmed Combat
 + Level 6.0 Spellcasting
 + Level 5.0 Conjurations
 + Level 5.0 Hexes
 + Level 5.0 Summonings
 + Level 5.0 Necromancy
 + Level 5.0 Translocations
 + Level 5.0 Transmutations
 + Level 5.0 Fire Magic
 + Level 5.0 Ice Magic
 + Level 5.0 Air Magic
 + Level 5.0 Earth Magic
 + Level 5.0 Poison Magic
 + Level 6.6 Invocations
 + Level 6.0 Evocations
 + Level 5.4 Shapeshifting


You had 20 spell levels left.
You knew the following spells:

 Your Spells              Type           Power      Damage    Failure   Level
a - Wereblood             Tmut           16%        N/A       5%          2

Your spell library contained the following spells:

 Spells                   Type           Power      Damage    Failure   Level
 Ensorcelled Hibernation  Hex/Ice        32%        N/A       5%          2
 Passwall                 Tmut/Erth      13%        N/A       5%          2
 Swiftness                Air            16%        N/A       11%         3
 Irradiate                Conj/Tmut      8%         3d14      69%         5


Dungeon Overview and Level Annotations

Branches:
Dungeon (11/15)            Temple (1/1) D:4            Lair (0/5) D:9
    Orc (0/2) D:10          Sewer (visited)

Altars:
Ashenzari
Cheibriados
Dithmenos
Elyvilon
Fedhas
Gozag
Hepliaklqana
Kikubaaqudgha
Makhleb
Nemelex Xobeh
Okawaru
Qazlal
Ru
Sif Muna
Trog
Uskayaw
Vehumet
Wu Jian
Xom
Yredelemnul
Zin
The Shining One

Shops:
D:9 :

Portals:
Ice
Cave: D:11


Innate Abilities, Weirdness & Mutations

You have very sharp teeth.
Your uncanny sense of smell can sniff out nearby items.
Your experience applies equally to all skills.


Message History

Your Throwing skill increases to level 6!
Your Armour skill increases to level 6!
Your Shields skill increases to level 6!
Your Unarmed Combat skill increases to level 6!
Your Spellcasting skill increases to level 6!
Your Conjurations skill increases to level 5!
Your Hexes skill increases to level 5!
Your Summonings skill increases to level 5!
Your Necromancy skill increases to level 5!
Your Translocations skill increases to level 5!
Your Transmutations skill increases to level 5!
Your Fire Magic skill increases to level 5!
Your Ice Magic skill increases to level 5!
Your Air Magic skill increases to level 5!
Your Earth Magic skill increases to level 5!
Your Poison Magic skill increases to level 5!
Your Evocations skill increases to level 6!
Aiming: Paralyse
Press: ? - help, Shift-Dir - straight line, f - ice devil
Aim: an ice devil (weak-willed, chance to affect: 47%)
The ice devil resists with some effort.
Aiming: Paralyse
Press: ? - help, Shift-Dir - straight line, f/p - ice devil
Aim: an ice devil (weak-willed, chance to affect: 47%)
The ice devil resists with some effort.
The ice devil closely misses you.
Aiming: Paralyse
Press: ? - help, Shift-Dir - straight line, f/p - ice devil
Aim: an ice devil (weak-willed, chance to affect: 47%)
The ice devil resists with some effort.
The ice devil completely misses you.
Aiming: Paralyse
Press: ? - help, Shift-Dir - straight line, f/p - ice devil
Aim: an ice devil (weak-willed, chance to affect: 47%)
The ice devil resists with some effort.
The now-empty wand crumbles to dust.
You block the ice devil's attack.
Okay, then.
You feel much better. The ice devil hits you!
* * * LOW HITPOINT WARNING * * *
The ice devil freezes you!
You die...
Your body crumbles into a pile of gold.

*,,,,,,,,,***#............#....##
*,,,,,,,,,* #...................
*,,,,,,,,,** #..........###......
*,,,,,,,,,.###....^.)............
*,,,,,,,,*................###.)..
*,,,,,,,***,,#..........#........
*,,,**,,***,*##+#'###...#####<...
*,,,***,**∆,* #...# #...######...
*,,,* *,,,,** ##@## #.#...#####..
***** *,,,,,***#4#**#.###.......#
*,,**,*#.....##.#########.#
*,,,*,*#.....##.#########.#
**,,*,*#.....##.#########..
***,,,,*#..∩..#*,.##########
*,,,,,,*#######**,>*********
***,*,,,,*********,,,,,,*,,,,,
*,,,,,,,,,,,,,,,,,,,,,,,,,,,,,


You could see an ice devil (weak-willed).

Vanquished Creatures
  An orc sorcerer (D:7)
  An elephant (D:9)
  A gargoyle (D:11)
  An ice devil (D:11)
  A troll (D:5)
  Sigmund (D:2)
  A vampire (D:9)
  2 wyverns
  A steam dragon (D:8)
  3 vampire mosquitoes (D:10)
  Edmund (D:6)
  2 acid dragons
  2 black bears (D:9)
  5 orc warriors
  2 ice beasts
  3 ogres
  3 centaurs
  A phantom (D:5)
  4 bullfrogs
  2 kobold brigands
  4 gnoll sergeants
  3 scorpions
  6 wights
  6 killer bees (D:5)
  3 hounds
  4 sleepcaps
  6 orc priests
  3 jellies
  A gnoll bouda (D:5)
  4 iguanas
  6 orc wizards
  19 gnolls
  5 adders
  2 shadow imps (D:6)
  2 ufetubi
  4 worms
  2 dart slugs
  38 orcs
  9 ball pythons
  8 endoplasms
  3 giant cockroaches
  5 goblins
  12 hobgoblins
  7 jackals
  21 kobolds
  5 quokkas
  6 bats
  3 frilled lizards
  A goblin zombie (D:6)
  A jackal zombie (D:6)
  5 rats
242 creatures vanquished.

Notes
Turn   | Place    | Note
-------+----------+-------------------------------------------
     0 | D:5      | Reached skill level 9 in Stealth
     0 | D:5      | croobank the Gnoll Delver began the quest for the Orb.
     0 | D:5      | Reached XP level 1. HP: 23/23 MP: 1/1
   100 | D:4      | Reached XP level 2. HP: 26/29 MP: 2/2
   171 | D:4      | Found a glowing drain.
   297 | Sewer    | Entered a sewer
   378 | Sewer    | Noticed a kobold brigand
   400 | Sewer    | Killed a kobold brigand
   401 | Sewer    | Reached skill level 1 in Long Blades
   401 | Sewer    | Reached skill level 1 in Axes
   401 | Sewer    | Reached skill level 1 in Maces & Flails
   401 | Sewer    | Reached skill level 1 in Polearms
   401 | Sewer    | Reached skill level 1 in Staves
   401 | Sewer    | Reached skill level 1 in Ranged Weapons
   401 | Sewer    | Reached skill level 1 in Throwing
   401 | Sewer    | Reached skill level 1 in Armour
   401 | Sewer    | Reached skill level 1 in Shields
   401 | Sewer    | Reached skill level 1 in Unarmed Combat
   401 | Sewer    | Reached skill level 1 in Spellcasting
   401 | Sewer    | Reached skill level 1 in Conjurations
   401 | Sewer    | Reached skill level 1 in Hexes
   401 | Sewer    | Reached skill level 1 in Summonings
   401 | Sewer    | Reached skill level 1 in Necromancy
   401 | Sewer    | Reached skill level 1 in Translocations
   401 | Sewer    | Reached skill level 1 in Transmutations
   401 | Sewer    | Reached skill level 1 in Fire Magic
   401 | Sewer    | Reached skill level 1 in Ice Magic
   401 | Sewer    | Reached skill level 1 in Air Magic
   401 | Sewer    | Reached skill level 1 in Earth Magic
   401 | Sewer    | Reached skill level 1 in Poison Magic
   401 | Sewer    | Reached skill level 1 in Invocations
   401 | Sewer    | Reached skill level 1 in Evocations
   401 | Sewer    | Reached skill level 1 in Shapeshifting
   401 | Sewer    | Reached XP level 3. HP: 9/35 MP: 2/4
   401 | Sewer    | Reached XP level 4. HP: 10/41 MP: 2/5
   884 | D:4      | Found a staircase to the Ecumenical Temple.
   896 | D:4      | Identified a scroll of acquirement
   896 | D:4      | Acquired a +2 pair of boots of stealth
  1109 | D:4      | Reached XP level 5. HP: 44/47 MP: 5/7
  1200 | D:3      | Found a faded altar of an unknown god.
  1263 | D:3      | Found a glowing silver altar of Zin.
  1493 | D:2      | Noticed Sigmund
  1657 | D:2      | Identified the +8 dagger of Imbalance {drain, rElec rPois
                  | Will+}
  1723 | D:2      | Killed Sigmund
  1724 | D:2      | Reached skill level 5 in Short Blades
  1724 | D:2      | Reached skill level 5 in Dodging
  1724 | D:2      | Reached XP level 6. HP: 53/53 MP: 7/9
  3887 | D:4      | Reached XP level 7. HP: 59/59 MP: 10/10
  4276 | D:5      | Reached skill level 10 in Stealth
  4447 | D:5      | Reached XP level 8. HP: 46/67 MP: 12/12
  4661 | Temple   | Entered the Ecumenical Temple
  4668 | Temple   | Became a worshipper of Gozag Ym Sagoz the Greedy
  4833 | D:5      | Noticed a troll
  4845 | D:5      | Killed a troll
  5108 | D:5      | Learned a level 2 spell: Wereblood
  5279 | D:5      | Reached XP level 9. HP: 73/73 MP: 12/14
  5931 | D:6      | Noticed Edmund
  5950 | D:6      | Killed Edmund
  6207 | D:6      | Found the +8 trident of the Octopus King {venom, rElec
                  | rPois}
  6961 | D:7      | Noticed an orc sorcerer
  7003 | D:7      | Killed an orc sorcerer
  7004 | D:7      | Reached skill level 5 in Invocations
  7615 | D:8      | Reached XP level 10. HP: 76/80 MP: 17/17
  7656 | D:8      | Found a shimmering altar of Xom.
  7656 | D:8      | Found a shimmering altar of Xom.
  7672 | D:8      | Reached skill level 5 in Long Blades
  7672 | D:8      | Reached skill level 5 in Axes
  7672 | D:8      | Reached skill level 5 in Maces & Flails
  7672 | D:8      | Reached skill level 5 in Polearms
  7672 | D:8      | Reached skill level 5 in Staves
  7672 | D:8      | Reached skill level 5 in Ranged Weapons
  7672 | D:8      | Reached skill level 5 in Throwing
  7672 | D:8      | Reached skill level 5 in Armour
  7672 | D:8      | Reached skill level 5 in Shields
  7672 | D:8      | Reached skill level 5 in Unarmed Combat
  7672 | D:8      | Reached skill level 5 in Spellcasting
  7672 | D:8      | Reached skill level 5 in Evocations
  7674 | D:8      | Found a shimmering altar of Xom.
  7674 | D:8      | Found a shimmering altar of Xom.
  7674 | D:8      | Found a shimmering altar of Xom.
  8465 | D:9      | Found a staircase to the Lair.
  8466 | D:9      | Noticed an elephant
  8508 | D:9      | Killed an elephant
  8509 | D:9      | Reached skill level 11 in Stealth
  8566 | D:9      | Reached skill level 5 in Shapeshifting
  8594 | D:9      | Found Soogew's Book Boutique.
  9032 | D:10     | Entered Level 10 of the Dungeon
  9134 | D:10     | Found a staircase to the Orcish Mines.
  9348 | D:10     | Found an ornate altar of the Wu Jian Council.
  9766 | D:11     | Noticed a gargoyle
  9777 | D:11     | Killed a gargoyle
  9778 | D:11     | Reached XP level 11. HP: 82/89 MP: 19/19
  9794 | D:11     | Found a frozen archway.
  9803 | D:11     | HP: 1/89 [ice devil (8)]
  9807 | D:11     | Reached skill level 5 in Conjurations
  9807 | D:11     | Reached skill level 5 in Hexes
  9807 | D:11     | Reached skill level 5 in Summonings
  9807 | D:11     | Reached skill level 5 in Necromancy
  9807 | D:11     | Reached skill level 5 in Translocations
  9807 | D:11     | Reached skill level 5 in Transmutations
  9807 | D:11     | Reached skill level 5 in Fire Magic
  9807 | D:11     | Reached skill level 5 in Ice Magic
  9807 | D:11     | Reached skill level 5 in Air Magic
  9807 | D:11     | Reached skill level 5 in Earth Magic
  9807 | D:11     | Reached skill level 5 in Poison Magic
  9811 | D:11     | Slain by an ice devil

Illustrated notes

Levels and vault maps discovered:
D:1:      onia_arrival_pentagram, layout_basic
D:2:      layout_rooms, minmay_pentomino_x2, uniq_sigmund
D:3:      layout_basic, zin_statuary, ebering_ecumenical_altar_rust,
          minmay_misc_feat_pillars, serial_bayou_pond_a
D:4:      layout_basic, minmay_temple_entry_statues_fountains,
          cheibrodos_sewer_entry_bend, bh_walls_and_bars
D:5:      layout_basic, serial_bayou_pond_b
D:6:      layout_loops_cross, enter_ossuary_3, uniq_edmund
D:7:      cheibrodos_wizards_tower, layout_basic, chequers_serial_rivers_micro_b
D:8:      layout_basic, xom_redecorated, nicolae_letterblocks
          [nicolae_letter_subblock, nicolae_letter_subblock,
          nicolae_letter_subblock, nicolae_letter_subblock,
          nicolae_letter_subblock, nicolae_letter_subblock,
          nicolae_letter_subblock, nicolae_letter_subblock,
          nicolae_letter_subblock, nicolae_letter_subblock,
          nicolae_letter_subblock, nicolae_letter_subblock,
          nicolae_letter_subblock, nicolae_letter_subblock,
          nicolae_letter_subblock, nicolae_letter_subblock,
          nicolae_letter_subblock, nicolae_letter_subblock,
          nicolae_letter_subblock, nicolae_letter_subblock,
          nicolae_letter_subblock, nicolae_letter_subblock,
          nicolae_letter_subblock, nicolae_letter_subblock,
          nicolae_letter_subblock]
D:9:      layout_rooms, david_lair_generic, serial_shops,
          nicolae_take_the_stairs
D:10:     layout_gridville, mainiacjoe_overflow_concentric_impassable,
          david_orc_2
D:11:     layout_rooms, special_room [special_room_orc],
          portal_ice_cave_demonic_guard
Temple:   hellmonk_temple_of_storms

Skill      XL: |  1  2  3  4  5  6  7  8  9 10 11 |
---------------+----------------------------------+-----
Stealth        | 10 11 | 11.3
Long Blades    | 1 2 3 4 5 6 |  6.0
Axes           | 1 2 3 4 5 6 |  6.0
Maces & Flails | 1 2 3 4 5 6 |  6.0
Polearms       | 1 2 3 4 5 6 |  6.0
Staves         | 1 2 3 4 5 6 |  6.0
Ranged Weapons | 1 2 3 4 5 6 |  6.0
Throwing       | 1 2 3 4 5 6 |  6.0
Armour         | 1 2 3 4 5 6 |  6.0
Shields        | 1 2 3 4 5 6 |  6.0
Unarmed Combat | 1 2 3 4 5 6 |  6.0
Spellcasting   | 1 2 3 4 5 6 |  6.0
Conjurations   | 1 2 3 4 5 |  5.0
Hexes          | 1 2 3 4 5 |  5.0
Summonings     | 1 2 3 4 5 |  5.0
Necromancy     | 1 2 3 4 5 |  5.0
Translocations | 1 2 3 4 5 |  5.0
Transmutations | 1 2 3 4 5 |  5.0
Fire Magic     | 1 2 3 4 5 |  5.0
Ice Magic      | 1 2 3 4 5 |  5.0
Air Magic      | 1 2 3 4 5 |  5.0
Earth Magic    | 1 2 3 4 5 |  5.0
Poison Magic   | 1 2 3 4 5 |  5.0
Invocations    | 1 2 3 4 5 6 |  6.6
Evocations     | 1 2 3 4 5 6 |  6.0
Shapeshifting  | 1 2 3 4 5 |  5.4
Short Blades   | 5 6 7 |  7.6
Dodging        | 5 6 7 |  7.6
Fighting       | 7 8 9 |  9.0

Action                     |  1- 3 |  4- 6 |  7- 9 | 10-12 || total
---------------------------+-------+-------+-------+-------++-------
  Melee: Short sword       |    66 |     3 |       |       ||    69
         Bite              |    10 |    15 |    30 |    36 ||    91
         Punch             |     1 |     4 |     5 |       ||    10
         Dagger            |       |   165 |   250 |   269 ||   684
  Throw: Dart              |       |       |    15 |       ||    15
         Boomerang         |       |       |     3 |       ||     3
   Cast: Wereblood         |       |       |    16 |    12 ||    28
  Evoke: Wand              |       |       |     1 |     8 ||     9
    Use: Scroll            |     1 |    12 |     6 |     6 ||    25
         Potion            |     2 |     4 |       |     4 ||    10
   Stab: Sleeping          |       |    25 |    11 |     7 ||    43
         Paralysed         |       |       |       |     2 ||     2
         Distracted        |       |       |       |     1 ||     1
 Armour: Leather armour    |    28 |    60 |    98 |   132 ||   318
  Dodge: Dodged            |    26 |    62 |   117 |   136 ||   341
         Repelled          |       |       |       |     1 ||     1
  Block: Buckler           |       |       |     2 |    95 ||    97
   Form: Beast             |       |     1 |       |       ||     1
                           |       |       |     1 |       ||     1

Table legend: (Time is in decaauts)
 A = Elapsed time spent in this place.
 B = Non-inter-level travel time spent in this place.
 C = Inter-level travel time spent in this place.
 D = Time resting spent in this place.
 E = Time spent auto-exploring this place.
 F = Levels seen in this place.
 G = Mean time per level.
                   A        B        C        D        E       F      G
               +--------+--------+--------+--------+--------+-----+--------+
         Total |   9605 |   9210 |    395 |   1050 |   5620 |  13 |  738.8 |
       Dungeon |   9077 |   8689 |    388 |    958 |   5504 |  11 |  825.2 |
        Temple |     14 |      7 |      7 |      0 |      0 |   1 |   14.0 |
         Sewer |    512 |    512 |      0 |     92 |    116 |   1 |  512.0 |
               +--------+--------+--------+--------+--------+-----+--------+

Top non-repeatable levels by time:
     D:4: 1697 daAuts
     D:5: 1064 daAuts
     D:7: 1045 daAuts
     D:3: 907 daAuts
     D:8: 864 daAuts
     D:6: 829 daAuts
     D:1: 780 daAuts
     D:9: 664 daAuts
    D:10: 642 daAuts
     D:2: 534 daAuts
   Sewer: 512 daAuts
    D:11: 46 daAuts
  Temple: 14 daAuts
